Cogmind - Beta 16 --- EXPLORER MODE // 2025.12.02 @ 08:47:07 Player: K.K.Y. Result: Destroyed by Y-45 Defender with Heavy Assault Rifle Performance ------------- Evolutions (0) 0 Regions Visited (3) 600 Robots Destroyed (42) 210 Value Destroyed (914) 914 Prototype IDs (12) 240 Alien Tech Used (0) 0 Bonus (0) 0 TOTAL SCORE: 1964 Bonus ------- None Cogmind --------- Core Integrity 0/250 Matter 300/300 Energy 100/100 System Corruption 0% Temperature Cool (9) Movement Treading (1160) Ox10 Location -10/Subcaves Parts ------- > --- POWER (1) -------- (None) > --- PROPULSION (3) --- Spiked Treads > --- UTILITY (2) ------ Humpback > --- WEAPON (2) ------- Makeshift Axe > --- INVENTORY (35) --- Subdweller Power Source Subdweller Monowheel Improved Heat Sink Medium Storage Unit Light Humpback Structural Scanner Machine Analyzer Machine Analyzer Subdweller Optics Improved Terrain Scanner Scrap Shield Makeshift System Shield Recalibrator Riot Gun Medium Laser Subdweller Laser Subdweller Beam Cannon Subdweller Machine Gun Subdweller Shrapnel Launcher Multitool Enhanced Flamer Peak State ------------ > --- POWER ------------ Ion Engine > --- PROPULSION ------- Light Treads Light Treads Light Treads > --- UTILITY ---------- Humpback > --- WEAPON ----------- Barrage Gun Makeshift Axe > --- INVENTORY -------- Subdweller Power Source Subdweller Monowheel Subdweller Monowheel Improved Heat Sink Medium Storage Unit Light Humpback Structural Scanner Machine Analyzer Machine Analyzer Subdweller Optics Improved Terrain Scanner Scrap Shield Makeshift System Shield Recalibrator Riot Gun Medium Laser Subdweller Laser Subdweller Beam Cannon Subdweller Machine Gun Subdweller Shrapnel Launcher Enhanced Flamer [Rating: 18] Favorites ----------- Power Ion Engine Engine Ion Engine Propulsion Light Treads Treads Light Treads Wheel Wheel Utility Humpback Device Improved Heat Sink Storage Humpback Protection Utility Shielding Weapon Medium Laser Energy Gun Medium Laser Ballistic Gun Makeshift Shrapnel Gun Special Weapon Mining Laser Slashing Weapon Makeshift Axe Build | -11 -10 -10 -10 ------- Run | Yrd Mat Min Sub Slots Evolved 1 | . 1 . . Power . | . . . . Propulsion 1 | . 1 . . Utility . | . . . . Weapon . | . . . . Parts Attached 20 | 7 5 1 7 Power 1 | 1 . . . Engine 1 | 1 . . . Core . | . . . . Reactor . | . . . . Propulsion 8 | 2 4 . 2 Treads 4 | 2 . . 2 Leg . | . . . . Wheel 4 | . 4 . . Hover . | . . . . Flight . | . . . . Utility 4 | 2 . 1 1 Device 1 | . . 1 . Storage 2 | 1 . . 1 Processor . | . . . . Hackware . | . . . . Protection 1 | 1 . . . Artifact . | . . . . Weapon 7 | 2 1 . 4 Energy Gun 2 | 1 1 . . Energy Cannon . | . . . . Ballistic Gun 3 | 1 . . 2 Ballistic Cannon . | . . . . Launcher . | . . . . Special Weapon 1 | . . . 1 Impact Weapon . | . . . . Slashing Weapon 1 | . . . 1 Piercing Weapon . | . . . . Special Melee Weapon . | . . . . Unidentified Prototypes . | . . . . Parts Lost 7 | . . . 7 Power 1 | . . . 1 Propulsion 3 | . . . 3 Utility . | . . . . Weapon 3 | . . . 3 Highest Loss Streak 3 | . . . 3 To Critical Strikes . | . . . . Average Backups 14 | 7 9 9 16 Power . | . . . . Propulsion 1 | 4 4 4 1 Utility 7 | 1 3 4 9 Weapon 3 | . 1 1 4 Tool/Special . | . . . . Unused Backups 29 | 5 3 1 20 Power 1 | . . . 1 Propulsion 9 | 3 3 . 3 Utility 11 | 1 . 1 9 Weapon 7 | 1 . . 6 Tool/Special 1 | . . . 1 Average Slot Usage (%) 81 | . 99 100 76 Engine 9 | . 12 12 8 Treads 24 | . . . 30 Wheel 9 | . 36 37 1 Device 3 | . . 9 2 Storage 12 | . 12 12 12 Protection 1 | . 12 2 . Energy Gun 5 | . 14 25 1 Ballistic Gun 9 | . 10 . 11 Special Weapon 1 | . . . 1 Slashing Weapon 3 | . . . 4 Peak Build Rating 18 | 8 9 11 18 Average Rating 13 | 7 8 10 14 On Entrance 7 | . 8 9 11 Avg Prop Armor Cover (%) . | . . . . Naked Turns . | . . . . Heaviest Build 211 | 20 20 20 211 Greatest Support 60 | 40 30 30 60 Greatest Overweight (x) 68 | 4 . . 68 Average Overweight (x) 1 | . . . 1 Largest Inventory Capacity 35 | 10 10 10 35 Average Capacity 24 | 9 10 10 29 Most Carried 24 | 10 10 10 24 Average Carried 15 | 7 9 9 17 Final Capacity 35 | 10 10 10 35 Final Carried 23 | 10 10 9 23 Class Distribution -------------------- 57% | Hauler-Mutant 42% | Hacker-Mutant Dominant Class ---------------- Hacker-Mutant | -10/Materials Hacker-Mutant | -10/Mines Hauler-Mutant | -10/Subcaves Resources | -11 -10 -10 -10 ----------- Run | Yrd Mat Min Sub Matter Collected 682 | 327 90 55 210 Remotely . | . . . . Salvage Created 1220 | 339 374 86 421 Parts 94 | 39 23 4 28 Haulers Intercepted 1 | . 1 . . Recyclers Shooed 1 | 1 . . . Parts Field Recycled . | . . . . Retrieved Matter . | . . . . Parts Self-Destructed . | . . . . Prevented . | . . . . Parts Restored . | . . . . Kills | -11 -10 -10 -10 ------- Run | Yrd Mat Min Sub Combat Hostiles Destroyed 23 | . 6 2 15 Melee 9 | . . . 9 Guns 13 | . 6 2 5 Cannons 1 | . . . 1 Classes Destroyed 10 | 3 5 . 2 Worker 4 | 4 . . . Tunneler 9 | 9 . . . Hauler 1 | . 1 . . Recycler 1 | 1 . . . Mechanic 1 | . 1 . . Watcher 3 | . 3 . . Swarmer 5 | . 2 . 3 Grunt 6 | . 4 2 . Sentry 1 | . . . 1 Subdweller 11 | . . . 11 Best Kill Streak 5 | 3 5 2 2 Combat Bots Only 2 | . 2 2 2 Max Kills in Single Turn 1 | 1 1 1 1 Gunslinging . | . . . . Exploded . | . . . . Melee 1 | . . . 1 Uniques/NPCs Destroyed . | . . . . Combat | -11 -10 -10 -10 -------- Run | Yrd Mat Min Sub Hostile Shots Fired 230 | . 22 8 200 Missed 55 | . 9 3 43 Hits 175 | . 13 5 157 Projectile 175 | . 13 5 157 Critical Strikes 2 | . . . 2 Damage Taken 1591 | . 146 57 1388 Core 253 | . 24 28 201 Absorbed by Shields . | . . . . Redirected to Shielding 3 | . 3 . . Ignored by Resistances 999 | . 91 27 881 Core Remaining (%) 100 | 100 . . . Volleys Fired 79 | 19 25 5 30 Largest 2 | 2 2 2 2 Hottest 150 | 70 70 100 150 Shots Fired 139 | 38 50 10 41 Gun 128 | 38 50 10 30 Cannon . | . . . . Launcher . | . . . . Special 11 | . . . 11 Kinetic 69 | 19 25 . 25 Thermal 70 | 19 25 10 16 Explosive . | . . . . Electromagnetic . | . . . . Robot Hit Streak 39 | 13 39 24 25 Robot Miss Streak 2 | 2 1 . 1 Penetration Max . | . . . . Secondary Targets 2 | . 1 1 . Max Gunslinging Chain 1 | . 1 1 . Shots Hit Robots 133 | 25 45 9 54 Core Hits 56 | 15 19 4 18 Critical Kills . | . . . . Critical Parts Destroyed . | . . . . Critical Strikes 9 | 3 3 . 3 Burn 7 | 3 3 . 1 Sever 2 | . . . 2 Melee Attacks 37 | . . . 37 Impact . | . . . . Slashing 37 | . . . 37 Piercing . | . . . . Sneak Attacks 1 | . . . 1 Combat Hostiles . | . . . . Follow-up Attacks . | . . . . Damage Inflicted 2347 | 310 566 139 1332 Guns 1270 | 310 566 114 280 Cannons . | . . . . Explosions . | . . . . Melee 1004 | . . . 1004 Ramming 25 | . . 25 . Kinetic 635 | 99 293 . 243 Thermal 683 | 211 273 114 85 Explosive . | . . . . Electromagnetic . | . . . . Impact . | . . . . Slashing 1004 | . . . 1004 Piercing . | . . . . Highest Corruption . | . . . . Average Corruption . | . . . . Corruption Purged . | . . . . Corruption Blocked . | . . . . Overload Shots . | . . . . Overflow Damage . | . . . . Projectiles . | . . . . Explosions . | . . . . Melee . | . . . . Knockbacks . | . . . . Impact . | . . . . Kinetic . | . . . . Secondary . | . . . . Self-Inflicted Damage 12 | . . 12 . Shots . | . . . . Rammed 2 | . . 2 . Targets Rammed 2 | . . 2 . Kicked . | . . . . Crushed . | . . . . Highest Temperature 234 | 27 121 234 159 Average Temperature 42 | 9 40 126 89 Received Heat Transfer 640 | . 42 39 559 Siege Activations . | . . . . Martial Activations . | . . . . Shielding Activations . | . . . . Robots Disrupted . | . . . . Combat Hostiles . | . . . . Robots Corrupted . | . . . . Combat Hostiles . | . . . . Parts Fried . | . . . . Impact Corruptions . | . . . . Robots Melted . | . . . . Combat Hostiles . | . . . . Parts Melted 2 | . 1 1 . Heat Transferred 2505 | 851 1036 333 285 Parts Sabotaged . | . . . . Parts Stolen . | . . . . Parts Stripped . | . . . . Power Chain Reactions . | . . . . Alert | -11 -10 -10 -10 ------- Run | Yrd Mat Min Sub Maximum Alert Level . | . . . . Low Security (%) 100 | 100 100 100 . Level 1 . | . . . . Level 2 . | . . . . Level 3 . | . . . . Level 4 . | . . . . Level 5 . | . . . . High Security . | . . . . Max Security . | . . . . Peak Influence 69 | 10 69 35 . Initial . | . . . . Average 3 | . 9 1 . Influence Increases 396 | 70 183 53 90 Destroy 0b10 Robot/C 240 | . 120 40 80 Destroy 0b10 Robot/NC 95 | 70 25 . . Destroy Leader 58 | . 38 10 10 Successful Hack 3 | . . 3 . Influence Decreases 396 | 70 183 53 90 Time Decay 376 | 70 183 53 70 Lost Part 20 | . . . 20 Squads Dispatched . | . . . . Investigation . | . . . . Extermination . | . . . . Reinforcement . | . . . . Assault . | . . . . Garrison . | . . . . Intercept . | . . . . Searches Triggered . | . . . . Construction Impeded . | . . . . Haulers Reinforced . | . . . . Active Scanning Responses . | . . . . Cargo Convoy Interrupts . | . . . . Stealth | -11 -10 -10 -10 --------- Run | Yrd Mat Min Sub Distress Signals 1 | . 1 . . Communications Jammed . | . . . . Distress Signals . | . . . . Times Spotted 30 | . 11 2 17 Peak Tracking Total 3 | . 3 2 2 Tactical Retreats . | . . . . Traps | -11 -10 -10 -10 ------- Run | Yrd Mat Min Sub Traps Triggered 1 | . 1 . . Indirectly . | . . . . Trap Hack Attempts . | . . . . Triggered . | . . . . Disarmed . | . . . . Reprogrammed . | . . . . Reused . | . . . . Traps Extracted . | . . . . Installed . | . . . . Triggered . | . . . . Machines | -11 -10 -10 -10 ---------- Run | Yrd Mat Min Sub Machines Disabled . | . . . . Max in Single Turn . | . . . . Machines Repaired . | . . . . Machines Dismantled . | . . . . Machines Sabotaged . | . . . . Overloaded Fab Kills . | . . . . Hacking | -11 -10 -10 -10 --------- Run | Yrd Mat Min Sub Machines Accessed 3 | . 1 1 1 Terminals 2 | . 1 1 . Fabricators . | . . . . Repair Stations . | . . . . Recycling Units . | . . . . Scanalyzers . | . . . . Garrison Access . | . . . . Total Hacks 6 | . 1 4 1 Successful 5 | . 1 3 1 Failed 1 | . . 1 . Catastrophic . | . . . . Database Lockouts . | . . . . Manual 3 | . . 3 . Terminals 5 | . 1 4 . Fabricators . | . . . . Repair Stations . | . . . . Recycling Units . | . . . . Scanalyzers . | . . . . Garrison Access . | . . . . Terminal Hacks 4 | . 1 2 1 Maintenance Status 1 | . . 1 . Zone Layout 2 | . 1 1 . Proto ID Catalog 1 | . . . 1 Fabricator Hacks . | . . . . Repair Station Hacks . | . . . . Recycling Unit Hacks . | . . . . Scanalyzer . | . . . . Garrison Access Hacks . | . . . . Unauthorized Hacks 1 | . . 1 . Terminals 1 | . . 1 . Botnet 1 | . . 1 . Fabricators . | . . . . Repair Stations . | . . . . Recycling Units . | . . . . Scanalyzers . | . . . . Garrison Access . | . . . . Data Cores Recovered . | . . . . Used . | . . . . Hacking Detections 2 | . 1 1 . Full Trace Events . | . . . . Feedback Events . | . . . . Feedback Blocked . | . . . . Robot Schematics Acquired . | . . . . Robots Built . | . . . . Authchips . | . . . . Time . | . . . . Total Robot Build Rating . | . . . . Part Schematics Acquired . | . . . . Parts Built . | . . . . Authchips . | . . . . Time . | . . . . Total Part Build Rating . | . . . . Part Studies Acquired . | . . . . Parts Repaired . | . . . . Time . | . . . . Parts Recycled . | . . . . Recycled Matter . | . . . . Retrieved Matter . | . . . . Retrieved Components . | . . . . Parts Scanalyzed . | . . . . Part Schematics Acquired . | . . . . Parts Damaged . | . . . . Bothacking | -11 -10 -10 -10 ------------ Run | Yrd Mat Min Sub Used RIF Installer . | . . . . Robots Hacked . | . . . . Non-combat . | . . . . Combat . | . . . . Robot Hacks Applied . | . . . . Relay Couplers Released . | . . . . Fabnet Peak Effective % . | . . . . Robots Rewired . | . . . . Allies Hacked . | . . . . Hacks Repelled . | . . . . Allies | -11 -10 -10 -10 -------- Run | Yrd Mat Min Sub Total Allies . | . . . . Largest Group . | . . . . Highest-Rated Group . | . . . . Highest-Rated Ally . | . . . . Total Orders . | . . . . Ally Attacks . | . . . . Total Damage . | . . . . Kills . | . . . . Allies Corrupted . | . . . . Allies Melted . | . . . . Intel | -11 -10 -10 -10 ------- Run | Yrd Mat Min Sub Active Infowar (turns) . | . . . . Robot Analysis Total . | . . . . Derelict Logs Recovered 3 | . . . 3 Drone Launches . | . . . . Drone Recoveries . | . . . . Exploration | -11 -10 -10 -10 ------------- Run | Yrd Mat Min Sub Turns Passed 8182 | 706 650 981 5845 Spaces Moved 2931 | 346 457 614 1514 Core 46 | 45 . . 1 Treads 1592 | 301 . . 1291 Legs . | . . . . Wheels 1293 | . 457 614 222 Hover . | . . . . Flight . | . . . . Fastest Speed 50 | 50 80 80 80 Average Speed 207 | 152 80 80 309 Slowest Speed 3450 | 250 80 80 3450 Overloaded Moves . | . . . . Propulsion Burnouts . | . . . . Robots Hopped . | . . . . Potential Cave-ins . | . . . . Cave-ins Triggered . | . . . . Exploration Rate (%) 70 | 18 85 100 79 Regions Visited 3 Branch Regions 2 Pre-discovered Areas 2 | . . . 2 Known Exits Taken 3 | 1 1 1 . Unknown Exits Taken . | . . . . Scrap Searched 10 | . . . 10 Spaces Dug . | . . . . Terrain Destroyed . | . . . . Melee . | . . . . Projectile . | . . . . AOE . | . . . . Terrain Rammed . | . . . . Walls Destroyed . | . . . . Machines Disabled . | . . . . Actions | -11 -10 -10 -10 --------- Run | Yrd Mat Min Sub Total 4856 | 490 695 1094 2577 Wait 1707 | 95 188 471 953 Move 2928 | 345 456 613 1514 Hop . | . . . . Pick Up 54 | 19 10 . 25 Fast Attach 6 | 3 . 1 2 Attach 10 | 4 3 . 3 Detach . | . . . . Swap 8 | . 3 . 5 Drop 25 | 5 10 2 8 Fire 79 | 19 25 5 30 Melee 37 | . . . 37 Ram 2 | . . 2 . Kick . | . . . . Crush . | . . . . Escape Stasis . | . . . . Rewire . | . . . . Trap . | . . . . Miscellaneous . | . . . . Route ------- -11/Scrapyard -10/Materials (discovered 5 exits: *Mat x3 / *Min x2) -10/Mines (discovered 3 exits: *Mat x2 / *Sub) -10/Subcaves (discovered 3 exits: *Mat x2 / *Rec) History --------- Turn | Location | Event 2 | -11/Scrapyard | Met Revision 17 5 | -11/Scrapyard | Identified exit to Materials 5 | -11/Scrapyard | Discovered exit to Materials (range 16) 707 | -11/Scrapyard | Entered Materials 707 | -10/Materials | Evolved 1 slot: Propulsion x1 732 | -10/Materials | Build established: Hacker-Mutant 778 | -10/Materials | Identified exit to Materials 778 | -10/Materials | Discovered exit to Materials (range 15) 835 | -10/Materials | Identified exit to Mines 835 | -10/Materials | Discovered exit to Mines (range 15) 1073 | -10/Materials | Discovered exit to Materials (range 4) 1207 | -10/Materials | Derelicts attacked the area 1303 | -10/Materials | Discovered exit to Materials (range 9) 1328 | -10/Materials | Discovered exit to Mines (range 12) 1357 | -10/Materials | Entered Mines 1453 | -10/Mines | Discovered exit to Materials (range 11) 1466 | -10/Mines | Discovered exit to Materials (range 6) 2172 | -10/Mines | Identified exit to Subcaves 2172 | -10/Mines | Discovered exit to Subcaves (range 9) 2338 | -10/Mines | Entered Subcaves 2339 | -10/Subcaves | Approached by a straggling Scientist 2398 | -10/Subcaves | A swath of the cavern ceiling suddenly collapsed 2468 | -10/Subcaves | Shifting Twisted Machinery released Battle Rifle 2529 | -10/Subcaves | Identified exit to Materials 2529 | -10/Subcaves | Discovered exit to Materials (range 15) 2575 | -10/Subcaves | Visited 4L-MR0's lab 3233 | -10/Subcaves | Learned 4 Materials zone layouts 3303 | -10/Subcaves | Discovered exit to Materials (range 10) 3341 | -10/Subcaves | Identified exit to Recycling 3341 | -10/Subcaves | Discovered exit to Recycling (range 16) 3405 | -10/Subcaves | Curiously followed by a Cobbler waking with a query about "LVR3C" 3480 | -10/Subcaves | Learned location of Zion (-7) 3824 | -10/Subcaves | Build established: Hauler-Mutant 4318 | -10/Subcaves | Met a Zionite searching for "candidates" 6821 | -10/Subcaves | Disturbed a concealed Subdweller 7123 | -10/Subcaves | Core integrity fell below 50% 7168 | -10/Subcaves | Lost 3 parts (3n) 7721 | -10/Subcaves | Learned 2 Materials zone layouts 8148 | -10/Subcaves | Core integrity fell below 20% 8183 | -10/Subcaves | Destroyed by Y-45 Defender with Heavy Assault Rifle Last Messages --------------- Source. 07000_ 63-KHR(O) puts together Flamer. 07018_ Subatomizers dissect the Sub. Laser. 07102_ Lgt. Treads destroyed. 07121_ S-10 Pest destroyed. 07129_ Lgt. Treads destroyed. 07148_ 63-KHR(O) collects matter. 07232_ S-10 Pest destroyed. 07234_ Acquired 10 matter. 07236_ 63-KHR(O) collects matter. 07721_ Acquired derelict log, extracted data. Data stored: Materials zone layouts (x2). 08120_ 63-KHR(O) collects matter. 08123_ 63-KHR(O) puts together Sub. Laser. 08141_ Barrage Gun destroyed. 08146_ S-10 Pest destroyed. 08160_ Y-45 Defender Lgt. Armor Plating severed. 08162_ 63-KHR(O) collects matter. 08163_ 63-KHR(O) puts together Sub. Beam Cannon. 08164_ Y-45 Defender Lgt. Treads severed. Map ----- +----------------------------------------------------+ | ?????????????????????????????????????????????????? | | ?????????????????????????????????????????????????? | | ?????????????????????????????????????????????????? | | ?????????????????????????????????????????????????? | | ?????????????????????????????????????????????????? | | ?????????????????????????????????????????????????? | | ?????????????????????????????????????????????????? | | ?????????????????????????????????????????????????? | | ?????????????????????????????????????????????????? | | ?????????????????????????????????????????????????? | | ?????????????????????????????????????????????????? | | ?????????????????????????????????????????????????? | | ?????????????????????????????????????????????????? | | ?????????????????????????????????????????????????? | | ?????????????????????????????????????????????????? | | ??????????????????????#??????????????????????????? | | ?????????????????????? ?????????????????????????? | | ???????????????##?????# ?????????????????????????? | | ???????????????? ????# ?????????????????????????? | | ????????????????## ???# ?????????????????????????? | | ????????????????# ?## ????????????????????????? | | ????????????????# ? ????????????????????????? | | ????????????????# #* ????????????????????????? | | ????????????????# ! =%=####????????????????????? | | ???????????????## *%& Y ###??????????????????? | | ???????????????# @= #??????????????????? | | ???????????????# != #??????????????????? | | ??????????? # ##??????????????????? | | ???????????# # ?#####]###?????????????????? | | ???????????## ? ###????###O ;##????????????????? | | ??????????????# ?????????# " ;;#???????????????## | | ?????????????????????????#"" ;########?###??### | | ???????????????# #### #" # ### #?## | | ???????????????# [ ^ #?# | | ???????????????# ## #### ^ ### | | ?????????????????????????# # # ### | | ??????????????????????# " ##### # ## | | ??????????????????? "##???## | | ???????????????? "#?????# ##### " | | ????????????????? ## # """"#?????###???### | | ????????????????? ??###""#####?????????????### | | ????????????????????????###????????????????????# & | | ???????????????????????????????????????????????# " | | ???????????????????????????????????????????????### | | ?????????????????????????????????????????????????? | | ?????????????????????????????????????????????????? | | ?????????????????????????????????????????????????? | | ?????????????????????????????????????????????????? | | ?????????????????????????????????????????????????? | | ?????????????????????????????????????????????????? | +----------------------------------------------------+ Best States ------------- Heat Dissipation 39 Energy Generation 10 Energy Capacity 250 Matter Stores 300 Matter Capacity 300 Sight Range 16 Terrain Scan Density 10 Resistance: KI 35 Resistance: TH 35 Resistance: EX 35 Resistance: EM 35 Resistance: I 35 Resistance: S 35 Resistance: P 35 Utility Shielding 33 Evasion (%) 50 Recoil Reduction 3 Offensive Hacking 20 Item Schematics ----------------- None Robot Schematics ------------------ None Fabricated ------------ Nothing Repaired ---------- Nothing Studied --------- None Alien Tech Used ----------------- None Achievements -------------- None Challenges ------------ None Game ------ Seed PiercelightThermicSpear Manual? 0 Play Time 00:24:03 Cumulative 151.8 hours Start 2025.12.02 @ 08:22:42 End 2025.12.02 @ 08:47:07 Sessions 1 Manual Loads 0 Difficulty Explorer Special Mode None Game No. 190 Rogue 0 Adventurer 0 Explorer 190 Win Type - Total 0 Types 0/0/0/0/0/0/0/0/0/0 Lore% 70 Gallery% 66 Achievement% 52 Wizard Run 0 Options --------- Layout 1 ASCII 0 Keyboard 0 Movement Mouse Keybinds 0 Fullscreen 1 Font 24/Smallcaps Map View 50x35 Zoom Use 0% Tactical HUD 1 Map Filters NONE Filters NONE Steam 1 RUN: 2824bc9c-8d21-4353-a49d-5c8b07536de5